 Dungeon Crawl Stone Soup version 0.31-a0-1620-gcbf77bbcfc (webtiles) character file.

Game seed: 2651601768481047218

45 kae the Vexing (level 3, -2/26 HPs)
             Began as a Demonspawn Enchanter on Jan 11, 2024.
             Slain by a gnoll
             ... wielding a +0 whip
              (7 damage)
             ... on level 2 of the Dungeon.
             The game lasted 00:01:11 (1392 turns).

kae the Vexing (Demonspawn Enchanter)               Turns: 1392, Time: 00:01:11

Health: -2/26      AC:  2    Str:  8    XL:     3   Next: 42%
Magic:  6/6        EV: 12    Int: 15    God:
Gold:   51         SH:  0    Dex: 15    Spells: 1/6 levels left

rFire   . . .        a - +1 dagger
rCold   . . .        (no shield)
rNeg    . . .        b - +0 robe
rPois   .            (no helmet)
rElec   .            (no cloak)
rCorr   .            (no gloves)
SInv    .            (no boots)
Will    .....        (no amulet)
Stlth   ++           (no ring)
HPRegen 0.24/turn    (no ring)
MPRegen 0.20/turn

%: no passive effects
@: no status effects
A: magic regeneration
a: no special abilities


You were on level 2 of the Dungeon.
You visited 1 branch of the dungeon, and saw 2 of its levels.

You collected 51 gold pieces.


Innate Abilities, Weirdness & Mutations

You regenerate magic rapidly.


   Skills:
 + Level 1.2 Fighting
 * Level 1.6 Short Blades
 - Level 1.7 Dodging
 * Level 3.1 Stealth
 + Level 2.1 Spellcasting
 + Level 3.2 Hexes
 + Level 0.2 Ice Magic


You had one spell level left.
You knew the following spells:

 Your Spells              Type           Power      Damage    Failure   Level
a - Ensorcelled Hibernat  Hex/Ice        12%        N/A       16%         2
b - Confusing Touch       Hex            11%        N/A       17%         3

Your spell library contained the following spells:

 Spells                   Type           Power      Damage    Failure   Level
 Tukima's Dance           Hex            11%        N/A       17%         3
 Dazzling Flash           Conj/Hex       12%        N/A       34%         3

Inventory:

Hand Weapons
 a - a +1 dagger (weapon)
Missiles
 d - 15 stones (quivered)
Armour
 b - a +0 robe (worn)
Magical Staves
 f - a staff of cold {!a}
   (You found it on level 1 of the Dungeon)
Potions
 c - 2 potions of invisibility
 e - 2 potions of lignification {!q}
 g - a potion of brilliance {unknown}
 i - a potion of might {unknown}

Dungeon Overview and Level Annotations

Branches:
Dungeon (2/15) Zot: 10613

Altars:

Annotations:
D:1 2 transporters

..###...##.#.###.#
.................#
.#.###.......).###
.#.####.####...#
........# #...#
####.#### #...# ##
###...# #...# ..
....#.######...####.##
##.............g@....##
#.#...................#
#.###......[.gg.....#.#
#.# #######...####.##
#)# #...# ... #.# #...#
##. #.# #...# # #.#
#(..# ..# #...#


You could see 3 gnolls.


Message History

d - 15 stones (gained 6)
You see here a dart slug corpse.
A rat comes into view. 😎 HP[+4]
Your hp is fully restored (26).
A rat is nearby!
A rat is nearby!
A rat is nearby!
The rat squeaks loudly.
A bat comes into view.
The rat closely misses you.
You hit the rat but do no damage. The rat barely misses you.
You barely miss the rat. The rat bites you. 😕 HP[-1]
You take 1 damage, and now have 25/26 hp.
There are monsters nearby!
You hit the rat.
You kill the rat!
The bat misses you. The bat hits you but does no damage.
The bat barely misses you.
You see here a rat corpse.
You closely miss the bat. The bat hits you. The bat hits you.
You hit the bat. The bat closely misses you. 😕 HP[-1]
You take 1 damage, and now have 24/26 hp.
The bat closely misses you.
The bat hits you but does no damage. 😕 HP[+1]
A bat is nearby!
You hit the bat.
You kill the bat!
No target in view!
You see here a rat corpse.
An endoplasm comes into view. 😎 HP[+1]
Your hp is fully restored (26).
An endoplasm is nearby!
An endoplasm is nearby!
The helpless endoplasm fails to defend itself.
You puncture the endoplasm!
You kill the endoplasm!
A kobold comes into view. It is wielding a +0 whip.
A kobold is nearby!
The kobold shouts!
A kobold is nearby!
The kobold misses you.
You closely miss the kobold. The kobold closely misses you.
You hit the kobold. The kobold hits you with a +0 whip.
You miss the kobold. The kobold closely misses you. 😕 HP[-1]
You take 1 damage, and now have 25/26 hp.
A kobold is nearby!
A kobold is nearby!
You closely miss the kobold. The kobold closely misses you.
You hit the kobold but do no damage.
The kobold hits you with a +0 whip. 😕 HP[-2]
You take 2 damage, and now have 23/26 hp.
A kobold is nearby!
You barely miss the kobold. The kobold barely misses you.
You hit the kobold but do no damage. The kobold barely misses you. 😕 HP[+1]
A kobold is nearby!
You hit the kobold.
You kill the kobold!
No target in view!
Key pressed, stopping explore.
No target in view!
No target in view! 😎 HP[+2]
Your hp is fully restored (26).
A goblin comes into view. It is wielding a +0 club.
A goblin is nearby!
A goblin is nearby!
The helpless goblin fails to defend itself.
You puncture the goblin!
You kill the goblin!
e - 2 potions of lignification {!q} (gained 1) 2 gnolls come into view.
The gnoll shouts!
You hear a shout!
A gnoll comes into view. It is wielding a +0 spear.
There are monsters nearby!
The gnoll hits you with a +0 halberd!
You are too injured to fight recklessly! 😮 HP[-10]
You take 10 damage, and now have 16/26 hp.
MASSIVE DAMAGE!! (PAUSE)
You aren't carrying any scrolls.
Unknown command.
Okay, then.
The gnoll hits you from afar with a +0 halberd!
* * * LOW HITPOINT WARNING * * *
😨 HP[-6]
You take 6 damage, and now have 10/26 hp.
MASSIVE DAMAGE!! (PAUSE)
The gnoll attacks as it pursues you!
The gnoll hits you from afar with a +0 spear.
* * * LOW HITPOINT WARNING * * *
The gnoll attacks as it pursues you! The gnoll hits you with a +0 whip!
You die...

Skill      XL: |  1  2  3 |
---------------+----------+-----
Short Blades   | 1 |  1.6
Stealth        | 3 |  3.1
Fighting       | 1 |  1.2
Dodging        | |  1.7
Spellcasting   | |  2.1
Hexes          | |  3.2
Ice Magic      | |  0.2

Action                     || total
---------------------------++-------
  Melee: Dagger            ||   104
         Punch             ||     1
   Cast: Ensorcelled Hiber ||     5
    Use: Scroll            ||     1
   Stab: Sleeping          ||     6
 Armour: Robe              ||    48
  Dodge: Dodged            ||    62

Levels and vault maps discovered:
D:1:      spicycebolla_arrival_transporter_tutorial, layout_loops_corners
D:2:      layout_loops_cross, nicolae_ecumenical_snake_handling, uniq_robin

Notes
Turn   | Place    | Note
-------+----------+-------------------------------------------
     0 | D:1      | kae the Demonspawn Enchanter began the quest for the Orb.
     0 | D:1      | Reached XP level 1. HP: 13/13 MP: 3/3
     0 | D:1      | magus.rc [v1.11.3]
    96 | D:1      | Reached skill level 1 in Short Blades
   418 | D:1      | Gained mutation: You regenerate magic rapidly. [demonic
                  | ancestry]
   418 | D:1      | Reached XP level 2. HP: 11/20 MP: 5/5
   472 | D:1      | Learned a level 2 spell: Ensorcelled Hibernation
   639 | D:1      | Reached skill level 3 in Stealth
   810 | D:1      | Reached XP level 3. HP: 19/25 MP: 1/6
   814 | D:1      | Learned a level 3 spell: Confusing Touch
  1160 | D:2      | Reached skill level 1 in Fighting
  1392 | D:2      | HP: 5/26 [gnoll/+0 spear (5)]
  1392 | D:2      | Slain by a gnoll

Vanquished Creatures
  A gnoll (D:1)
  4 dart slugs
  3 ball pythons (D:1)
  A bat (D:2)
  5 endoplasms
  A giant cockroach (D:1)
  A goblin (D:2)
  A hobgoblin (D:2)
  4 kobolds
  2 frilled lizards (D:1)
  4 rats
27 creatures vanquished.

Table legend:
 A = Non-vault XP
 B = Vault XP
 C = Vault XP percentage of total XP
 D = Non-vault monster count
 E = Vault monster count
 F = Vault count percentage of total count
                 A         B        C        D         E       F
            +---------+---------+-------+---------+---------+-------
      Total |      65 |       0 |   0.0 |      27 |       0 |   0.0
            +---------+---------+-------+---------+---------+-------
        D:1 |      47 |       0 |   0.0 |      18 |       0 |   0.0
        D:2 |      18 |       0 |   0.0 |       9 |       0 |   0.0
            +---------+---------+-------+---------+---------+-------

Skill      XL: |  1  2  3 |
---------------+----------+-----
Short Blades   | 1 |  1.6
Stealth        | 3 |  3.1
Fighting       | 1 |  1.2
Dodging        | |  1.7
Spellcasting   | |  2.1
Hexes          | |  3.2
Ice Magic      | |  0.2

Action                     || total
---------------------------++-------
  Melee: Dagger            ||   104
         Punch             ||     1
   Cast: Ensorcelled Hiber ||     5
    Use: Scroll            ||     1
   Stab: Sleeping          ||     6
 Armour: Robe              ||    48
  Dodge: Dodged            ||    62

Illustrated notes

Table legend:
 A = Kills in this place as a percentage of kills in the entire game.
 B = Kills by you in this place as a percentage of kills by you in the entire game.
 C = Kills by friends in this place as a percentage of kills by friends in the entire game.
 D = Other kills in this place as a percentage of other kills in the entire game.
 E = Experience gained in this place as a percentage of experience gained in the entire game.
 F = Experience gained in this place divided by the number of levels of this place that you have seen.
                   A       B       C       D       E      F
               +-------+-------+-------+-------+-------+----------------------
         Total | 100.0 | 100.0 |   N/A |   N/A | 100.0 |  32.5
       Dungeon | 100.0 | 100.0 |   N/A |   N/A | 100.0 |  32.5
               +-------+-------+-------+-------+-------+----------------------

Table legend: (Time is in decaauts)
 A = Elapsed time spent in this place.
 B = Non-inter-level travel time spent in this place.
 C = Inter-level travel time spent in this place.
 D = Time resting spent in this place.
 E = Time spent auto-exploring this place.
 F = Levels seen in this place.
 G = Mean time per level.
                   A        B        C        D        E       F      G
               +--------+--------+--------+--------+--------+-----+--------+
         Total |   1385 |   1348 |     37 |     33 |   1081 |   2 |  692.5 |
       Dungeon |   1385 |   1348 |     37 |     33 |   1081 |   2 |  692.5 |
               +--------+--------+--------+--------+--------+-----+--------+

Top non-repeatable levels by time:
     D:1: 1141 daAuts
     D:2: 244 daAuts
